 Dungeon Crawl Stone Soup version 0.25.1-8-g42b30a86e7 (webtiles) character file.

Game seed: 4070027169118254319

37 Gabide the Firebug (level 3, -1/26 HPs)
             Began as a Human Wanderer on Dec 18, 2020.
             Slain by a worm (7 damage)
             ... on level 2 of the Dungeon.
             The game lasted 00:05:19 (987 turns).

Gabide the Firebug (Human Wanderer)                  Turns: 987, Time: 00:05:20

Health: -1/26      AC:  5    Str: 11    XL:     3   Next: 60%
Magic:  0/6        EV: 10    Int: 12    God:
Gold:   40         SH:  0    Dex: 14    Spells: 2/6 levels left

rFire    . . .     SeeInvis .   e - +0 club
rCold    . . .     Gourm    .   (no shield)
rNeg     . . .     Faith    .   b - +0 ring mail
rPois    .         Spirit   .   (no helmet)
rElec    .         Reflect  .   (no cloak)
rCorr    .         Harm     .   (no gloves)
MR       .....                  (no boots)
Stlth    +.........             (no amulet)
HPRegen  0.08/turn              j - ring of wizardry
MPRegen  0.10/turn              (no ring)

@: very slightly contaminated, hasted, very quick
A: no striking features
a: no special abilities


You were on level 2 of the Dungeon.
You were hungry.

You visited 1 branch of the dungeon, and saw 2 of its levels.

You collected 40 gold pieces.

Inventory:

Hand Weapons
 a - a +0 dagger
 e - a +0 club (weapon)
Armour
 b - a +0 ring mail (worn)
Jewellery
 j - a ring of wizardry (left hand)
Potions
 h - a potion of might {unknown}
Comestibles
 f - 2 rations
 i - 2 chunks of flesh


   Skills:
 + Level 1.1 Fighting
 + Level 1.1 Maces & Flails
 + Level 1.6 Armour
 + Level 0.8 Dodging
 - Level 1.0 Stealth
   Level 1.0 Shields
 + Level 2.1 Spellcasting
 + Level 0.2 Conjurations
 + Level 3.6 Fire Magic


You had 2 spell levels left.
You knew the following spells:

 Your Spells              Type           Power        Failure   Level  Hunger
a - Foxfire               Conj/Fire      #...         12%         1    ##.....
b - Conjure Flame         Conj/Fire      #.......     32%         3    ####...

Your spell library contained the following spells:

 Spells                   Type           Power        Failure   Level  Hunger
 Inner Flame              Hex/Fire       #.......     32%         3    ####...
 Sticky Flame             Conj/Fire      #.......     71%         4    #####..
 Fireball                 Conj/Fire      #.........   95%         5    ######.


Dungeon Overview and Level Annotations

Branches:
Dungeon (2/15)

Altars:
Elyvilon
Okawaru
Ru
Xom
The Shining One


Message History

Confirm with . or Enter, or press ? or * to list all spells.
You miscast Foxfire.
You are very lightly contaminated with residual magic.
Nothing appears to happen.
You hit the worm.
The worm is heavily wounded.
The worm closely misses you.
You hit the worm.
The worm is heavily wounded.
You hit the worm.
The worm is severely wounded.
You are feeling hungry.
The worm bites you.
* * * LOW HITPOINT WARNING * * *
You hit the worm but do no damage.
The worm is severely wounded.
You hit the worm.
The worm is almost dead.
The worm bites you!
You die...

### ##_## ##...##
##.....##
###..÷8...########
...............w@#
....8...8......###
.............###
##....⌠....###
...........).#
....8...8....(.#
................_
###...8...#######
##.....##


You could see a worm.

Vanquished Creatures
  A dart slug (D:1)
  2 leopard geckos
  8 bats
  3 giant cockroaches (D:1)
  3 goblins (D:1)
  A hobgoblin (D:2)
  3 jackals (D:2)
  3 kobolds (D:1)
  A frilled lizard (D:1)
  6 rats (D:1)
31 creatures vanquished.

Vanquished Creatures (others)
  51 foxfires
51 creatures vanquished.

Grand Total: 82 creatures vanquished

Notes
Turn   | Place    | Note
-------+----------+-------------------------------------------
     0 | D:1      | Gabide the Human Wanderer began the quest for the Orb.
     0 | D:1      | Gabide set off with the following items: a +0 dagger, a +0
                  | ring mail, a potion of curing, a ration; and the following
                  | spell memorised: Foxfire; and the following spells
                  | available to memorise: Conjure Flame, Inner Flame, Sticky
                  | Flame, Fireball
     0 | D:1      | Reached XP level 1. HP: 15/15 MP: 3/3
    96 | D:1      | Reached XP level 2. HP: 20/21 MP: 1/5
   580 | D:1      | Reached XP level 3. HP: 25/26 MP: 6/6
   759 | D:1      | Learned a level 3 spell: Conjure Flame
   880 | D:2      | Found a white marble altar of Elyvilon.
   919 | D:2      | Found a sacrificial altar of Ru.
   922 | D:2      | Found a shimmering altar of Xom.
   961 | D:2      | Found an iron altar of Okawaru.
   961 | D:2      | Found a glowing golden altar of the Shining One.
   987 | D:2      | Slain by a worm

Illustrated notes

Levels and vault maps discovered:
D:1:      psy_arrival_spokes, layout_rooms, minmay_tree_intersection
D:2:      layout_rooms, lemuel_round_altar, minmay_overflow_temple_star_hex,
          kennysheep_generic_room_16

Action                   || total
-------------------------++-------
Melee: Dagger            ||    46
       Club              ||    51
 Cast: Foxfire           ||    34
  Use: Scroll            ||     6
       Potion            ||     2
  Eat: Chunk             ||     1
Armor: Ring mail         ||    75
Dodge: Dodged            ||    74
